 Dungeon Crawl Stone Soup version 0.26.0-11-g8f856b5395 (webtiles) character file.

Game seed: 7914131671182680541

907 pokeman the Thaumaturge (level 7, -5/40 HPs)
             Began as a Deep Elf Hedge Wizard on Jan 15, 2021.
             Was a Follower of Vehumet.
             Killed by nerve-wracking pain
             ... invoked by a shadow imp
              (10 damage)
             ... on level 5 of the Dungeon.
             The game lasted 00:12:59 (6400 turns).

pokeman the Thaumaturge (Deep Elf Hedge Wizard)     Turns: 6400, Time: 00:13:00

Health: -5/40      AC:  2    Str:  7    XL:     7   Next: 81%
Magic:  16/21      EV: 12    Int: 21    God:    Vehumet [*.....]
Gold:   283        SH:  0    Dex: 14    Spells: 12/23 levels left

rFire    . . .     SeeInvis .   x - +1 spear (vorpal)
rCold    . . .     Faith    .   (no shield)
rNeg     . . .     Spirit   .   o - +0 leather armour
rPois    .         Reflect  .   A - +1 helmet
rElec    .         Harm     .   j - +0 cloak
rCorr    .         Rampage  .   (no gloves)
Will     +....                  (no boots)
Stlth    ++........             C - amulet of regeneration
HPRegen  0.53/turn              a - ring of willpower
MPRegen  0.17/turn              u - -4 ring of protection (curse)

@: no status effects
A: no striking features
a: Renounce Religion


You were on level 5 of the Dungeon.
You worshipped Vehumet.
Vehumet was aware of your devotion.
You visited 1 branch of the dungeon, and saw 5 of its levels.

You collected 283 gold pieces.

Inventory:

Hand Weapons
 c - a +0 shortbow
 x - a +1 vorpal spear (weapon)
Missiles
 h - 46 arrows
 D - 27 bolts
Armour
 j - a +0 cloak (worn)
 o - a +0 leather armour (worn)
 A - a +1 helmet (worn)
Jewellery
 a - a ring of willpower (left hand)
 b - an uncursed ring of fire
 n - an uncursed amulet of the acrobat
 u - a cursed -4 ring of protection (right hand)
 C - an amulet of regeneration (around neck)
Wands
 r - a wand of disintegration (12)
Scrolls
 e - 6 scrolls of identify {unknown}
 f - 7 scrolls of teleportation {unknown}
 g - a scroll of magic mapping {unknown}
 k - a scroll of fog {unknown}
 l - 4 scrolls of remove curse {unknown}
 v - 2 scrolls of immolation {unknown}
 y - 3 scrolls of enchant weapon {unknown}
Potions
 d - 2 potions of cancellation {unknown}
 i - 2 potions of brilliance {unknown}
 m - 2 potions of flight {unknown}
 p - a potion of haste {unknown}
 q - a potion of resistance {unknown}
 s - a potion of invisibility {unknown}
 t - 2 potions of might {unknown}
 w - 2 potions of ambrosia {unknown}
 z - 3 potions of degeneration {unknown}
 B - a potion of lignification {unknown}
 E - a potion of berserk rage {unknown}


   Skills:
 - Level 2.0 Fighting
 + Level 1.4 Armour
 - Level 3.0 Dodging
 - Level 3.0 Stealth
 * Level 8.7 Spellcasting
 + Level 4.3 Conjurations
 - Level 1.1 Summonings
 - Level 1.1 Translocations
 + Level 2.9 Fire Magic
 - Level 1.1 Air Magic
 - Level 1.0 Poison Magic
 - Level 1.0 Evocations


You had 12 spell levels left.
You knew the following spells:

 Your Spells              Type           Power        Failure   Level
a - Magic Dart            Conj           100%         1%          1
b - Mephitic Cloud        Conj/Pois/Air  18%          13%         3
c - Call Imp              Summ           13%          11%         2
d - Blink                 Tloc           N/A          11%         2
e - Conjure Flame         Conj/Fire      24%          8%          3

Your spell library contained the following spells:

 Spells                   Type           Power        Failure   Level
 Freeze                   Ice            36%          11%         1
 Slow                     Hex            9%           16%         2


Dungeon Overview and Level Annotations

Branches:
Dungeon (5/15)             Temple (0/1) D:5

Altars:
Dithmenos
Kikubaaqudgha
Nemelex Xobeh
Qazlal
Vehumet

Shops:
D:4 }

Portals:
Abyss: D:5

Annotations:
D:1 Loot behind rock
D:5 petra's ghost, weakling HODe


Message History

Confirm with . or Enter, or press ? or * to list all spells.
The fire begins to smolder!
The gnoll is engulfed in noxious fumes.
Unknown command.
The small abomination enters a dispersal trap!
The gnoll blinks!
You blink.
The small abomination blinks!
Petra's ghost hits you! The small abomination hits you!!
The fire ignites!
Found a book of the Warp.
Unknown command.
The small abomination barely misses you.
The small abomination misses you. The small abomination hits you!
* * * LOW HITPOINT WARNING * * *
You see here a book of the Warp.
There is a transporter here.
You enter the transporter and appear at another place.
Petra's ghost hits you.
* * * LOW HITPOINT WARNING * * *
The shadow imp barely misses you. The shadow imp gestures at you.
Pain shoots through your body!
You die...

##..##.#.g##.##.##.##.# #
##..©#©##...^# ..#.##.# #
#..###.#.###.# .##.##.###
#.###.∩###.##..##..##.##.
#.#.^.##....#^ ##..##.##.
#.#..##...###.#.##.##.##.
#.##.##..##.##^#.#.......
#..#W.#5W#$.#...##..#.##.
#..#5##.@##..####†.##.##.
#..###....####....#......
#......#...##.......#.###
########.##..##.#.....######:#
##............................#
...######........##############
#### ##########


You could see petra's ghost and a shadow imp.

Vanquished Creatures
  Menkaure (D:5)
  An ogre (D:5)
  A centaur (D:5)
  A big kobold (D:5)
  2 howler monkeys
  A hound (D:5)
  3 orc priests (D:2)
  A centaur skeleton (D:4)
  3 orc wizards
  2 worker ants (D:4)
  Robin (D:4)
  6 adders
  A shadow imp (D:5)
  An ufetubus (D:5)
  2 oozes
  2 worms (D:3)
  4 leopard geckos
  15 orcs
  A ball python (D:1)
  7 bats
  4 giant cockroaches
  14 goblins
  12 hobgoblins
  4 jackals (D:1)
  16 kobolds
  A quokka (D:3)
  3 frilled lizards
  6 rats
116 creatures vanquished.

Vanquished Creatures (collateral kills)
  An orc (D:2)
1 creature vanquished.

Grand Total: 117 creatures vanquished

Notes
Turn   | Place    | Note
-------+----------+-------------------------------------------
     0 | D:1      | pokeman the Deep Elf Hedge Wizard began the quest for the
                  | Orb.
     0 | D:1      | Reached XP level 1. HP: 10/10 MP: 7/7
   206 | D:1      | Reached XP level 2. HP: 13/16 MP: 1/9
   851 | D:1      | Reached skill level 5 in Spellcasting
   966 | D:1      | Reached XP level 3. HP: 18/20 MP: 3/11
   970 | D:1      | Learned a level 3 spell: Mephitic Cloud
   973 | D:1      | Learned a level 2 spell: Call Imp
   976 | D:1      | Learned a level 2 spell: Blink
   980 | D:1      | Learned a level 3 spell: Conjure Flame
  1659 | D:2      | You fall into a shaft and drop 2 floors!
  1688 | D:4      | Reached skill level 1 in Fighting
  1724 | D:3      | Reached skill level 1 in Armour
  1874 | D:2      | Found a shadowy altar of Dithmenos.
  1874 | D:2      | Found a radiant altar of Vehumet.
  1883 | D:2      | Became a worshipper of Vehumet
  2234 | D:2      | Reached XP level 4. HP: 17/25 MP: 3/13
  2631 | D:2      | Reached skill level 1 in Fire Magic
  2634 | D:2      | Reached skill level 6 in Spellcasting
  2634 | D:2      | Reached XP level 5. HP: 29/29 MP: 2/15
  2949 | D:2      | Found a sparkling altar of Nemelex Xobeh.
  3340 | D:2      | Found a stormy altar of Qazlal.
  3340 | D:2      | Found an ancient bone altar of Kikubaaqudgha.
  3647 | D:3      | Reached skill level 1 in Air Magic
  4164 | D:4      | Reached XP level 6. HP: 30/34 MP: 4/17
  4371 | D:4      | Reached skill level 7 in Spellcasting
  4371 | D:4      | Reached skill level 1 in Poison Magic
  4376 | D:4      | Reached skill level 1 in Evocations
  4544 | D:4      | Reached * piety under Vehumet
  4544 | D:4      | Offered knowledge of Freeze by Vehumet.
  4586 | D:4      | Noticed Robin
  4605 | D:4      | Killed Robin
  5054 | D:4      | Found Egrud's Gadget Shop.
  5287 | D:5      | Entered Level 5 of the Dungeon
  5393 | D:5      | Reached XP level 7. HP: 38/38 MP: 11/20
  5634 | D:5      | Found a transporter.
  5670 | D:5      | Noticed petra's ghost (weakling HODe)
  5675 | D:5      | Found a transporter.
  5737 | D:5      | Noticed Menkaure
  5749 | D:5      | Killed Menkaure
  5750 | D:5      | Reached skill level 8 in Spellcasting
  5813 | D:5      | Found a staircase to the Ecumenical Temple.
  6387 | D:5      | Found a one-way gate to the infinite horrors of the Abyss.
  6400 | D:5      | Killed from afar by a shadow imp

Illustrated notes

Levels and vault maps discovered:
D:1:      psy_arrival_conway, layout_loops_ring, kennysheep_minor_cross,
          due_unseen_surprise
D:2:      cheibrodos_pilgrimage, layout_loops_corners,
          nemelex_xobeh_ov_fountains_minmay, gammafunk_temple_overflow_pools,
          nicolae_overflow_hidden_temple
D:3:      layout_rooms, chequers_arboretum
D:4:      layout_loops_ring, serial_shops, kennysheep_little_box, uniq_robin
D:5:      layout_loops_ring, minmay_temple_entry_large_hall,
          gammafunk_ghost_abyssal_escape, kennysheep_cluttered_room,
          uniq_menkaure

Skill      XL: |  1  2  3  4  5  6  7 |
---------------+----------------------+-----
Spellcasting   | 5 6 7 8 |  8.7
Fighting       | 1 2 |  2.0
Armour         | 1 |  1.4
Conjurations   | 2 3 4 |  4.3
Fire Magic     | 1 2 |  2.9
Dodging        | 3 |  3.0
Air Magic      | 1 |  1.1
Stealth        | 3 |  3.0
Poison Magic   | 1 |  1.0
Evocations     | 1 |  1.0
Summonings     | |  1.1
Translocations | |  1.1

Action                   |  1- 3 |  4- 6 |  7- 9 || total
-------------------------+-------+-------+-------++-------
Melee: Dagger            |     8 |     6 |       ||    14
       Spear             |       |    20 |     2 ||    22
 Cast: Magic Dart        |   130 |   124 |    59 ||   313
       Call Imp          |     1 |       |       ||     1
       Mephitic Cloud    |       |     8 |     2 ||    10
       Conjure Flame     |       |     3 |     3 ||     6
 Stab: Confused          |       |     2 |       ||     2
Armor: Robe              |     9 |       |       ||     9
       Leather armour    |     1 |     1 |     2 ||     4
Dodge: Dodged            |    34 |    34 |     8 ||    76
